 Dungeon Crawl Stone Soup version 0.28.0-43-g3370ac3207 (webtiles) character file.

Game seed: 10863125234824914742

93 Descartes the Covert (level 4, 0/21 HPs)
             Began as a Felid Delver on Mar 27, 2022.
             Slain by a hound (3 damage)
             ... on level 2 of the Dungeon.
             The game lasted 00:03:10 (1552 turns).

Descartes the Covert (Felid Delver)                 Turns: 1552, Time: 00:03:11

Health: 0/21       AC:  1    Str: 16    XL:     4   Next: 36%
Magic:  5/5        EV: 18    Int: 11    God:
Gold:   81         SH:  0    Dex: 17    Spells: 3/3 levels left
                                        Lives:  0   Deaths: 1

rFire   . . .      SeeInvis +     - Unarmed
rCold   . . .      Faith    .   (shield unavailable)
rNeg    . . .      Spirit   .   (armour unavailable)
rPois   .          Reflect  .   (helmet unavailable)
rElec   .          Harm     .   (cloak unavailable)
rCorr   +          Rampage  .   (gloves unavailable)
Will    .....                   (boots unavailable)
Stlth   ++++......              (no amulet)
HPRegen 0.07/turn               i - ring of resist corrosion
MPRegen 0.09/turn               n - +6 ring of strength

@: quick
A: very small, claws 1, fangs 3, see invisible, speed 1, shaggy fur 1, stealthy
paws, no weapons or thrown items, no armour, multi-lived
a: no special abilities


You were on level 2 of the Dungeon.
You visited 1 branch of the dungeon, and saw 5 of its levels.

You collected 81 gold pieces.

Inventory:

Jewellery
 h - a ring of wizardry
 i - a ring of resist corrosion (left paw)
 n - a +6 ring of strength (right paw)
Wands
 e - a wand of digging (3)
Scrolls
 a - a scroll of fog
 b - 2 scrolls of magic mapping
 c - a scroll of fear
 g - 2 scrolls of vulnerability {unknown}
 k - a scroll of identify {unknown}
 m - a scroll of amnesia {unknown}
Potions
 d - a potion of haste
 f - 2 potions of heal wounds {unknown}
 j - a potion of curing {unknown}
 l - 2 potions of lignification {unknown}


   Skills:
 - Level 3.0 Fighting
 + Level 3.0 Dodging
 + Level 9.4 Stealth
 + Level 2.6 Unarmed Combat


You had 3 spell levels left.
You didn't know any spells.
Your spell library contained the following spells:

 Spells                   Type           Power      Damage    Failure   Level
 Confusing Touch          Hex            0%         N/A       71%         3
 Blade Hands              Tmut           0%         N/A       100%        5
 Yara's Violent Unravell  Hex/Tmut       0%         3d3       100%        5
 Enfeeble                 Hex            0%         N/A       100%        7
 Portal Projectile        Hex/Tloc       Unusable   N/A       N/A         3
 Excruciating Wounds      Necr           Unusable   N/A       N/A         5

Dungeon Overview and Level Annotations

Branches:
Dungeon (5/15)
 Temple: D:4-7

Altars:


Innate Abilities, Weirdness & Mutations

You have sharp claws.
You have razor-sharp teeth.
You have supernaturally acute eyesight. (SInv)
You cover ground quickly. (Speed+)
You are covered in fur. (AC +1)
Your paws help you pounce on unaware monsters.
You are incapable of wielding weapons or throwing items.
You cannot wear armour.
You gain extra lives every three experience levels.


Message History

You closely miss the hound.
The hound barks!
The hound bites you.
A ball python comes into view.
You barely miss the hound. The hound barely misses you.
You closely miss the hound. The hound misses you. The hound barely misses you.
You barely miss the hound. The hound completely misses you.
Unknown command.
Found a fizzy brown potion and 12 gold pieces.
The hound bites you.
A phantom comes into view.
The phantom moves out of view.
You see here 4 gold pieces.
Found a war axe.
The hound misses you.
There is a stone staircase leading up here.
The phantom closely misses you. The hound misses you.
You climb upwards.
Found a blue potion.
There is a stone staircase leading down here.
You can't go up here!
The phantom closely misses you. The phantom hits you!
* * * LOW HITPOINT WARNING * * *
The hound bites you but does no damage.
There is a stone staircase leading up here.
The hound misses you. The hound bites you.
* * * LOW HITPOINT WARNING * * *
You climb upwards.
There is a stone staircase leading down here.
The hound misses you. The hound closely misses you.
An adder comes into view.
The helpless adder fails to defend itself.
You mangle the adder!!
You kill the adder!
The hound bites you.
* * * LOW HITPOINT WARNING * * *
The hound bites you.
You die...

#...#...#..##.####....#######
#..###.###.##................
# #..).###.÷....#
##....#######
)#.##..###.###...># ##.#
........#...#...### #
#####.....#...#..######.
##...###.###........
##....###.†h#######
#..#######@# #...#(..#..#
###.......## #########


You could see a hound.

Vanquished Creatures
  An ogre (D:5)
  An iguana (D:5)
  An adder (D:2)
  2 dart slugs (D:1)
  2 orcs
  4 ball pythons
  An endoplasm (D:1)
  A giant cockroach (D:1)
  2 goblins (D:1)
  5 hobgoblins (D:1)
  2 jackals (D:1)
  4 kobolds
  A quokka (D:3)
  3 bats (D:1)
  3 frilled lizards
  6 rats
39 creatures vanquished.

Notes
Turn   | Place    | Note
-------+----------+-------------------------------------------
     0 | D:5      | Descartes the Felid Delver began the quest for the Orb.
     0 | D:5      | Reached XP level 1. HP: 10/10 MP: 2/2
     9 | D:5      | Noticed an iguana
    16 | D:5      | Killed an iguana
    17 | D:5      | Reached skill level 7 in Stealth
    17 | D:5      | Reached XP level 2. HP: 14/14 MP: 3/3
    89 | D:5      | Noticed an ogre
    95 | D:5      | Killed an ogre
    96 | D:5      | Reached skill level 9 in Stealth
    96 | D:5      | Reached XP level 3. HP: 17/17 MP: 4/4
    96 | D:5      | Reached XP level 4. HP: 21/21 MP: 5/5
   118 | D:5      | Noticed a black bear
   486 | D:3      | Slain by a gnoll
   487 | D:3      | Reached XP level 3. HP: -1/17 MP: 4/4
   629 | D:1      | Reached XP level 4. HP: 21/21 MP: 5/5
   992 | D:1      | Found a faded altar of an unknown god.
  1523 | D:2      | You fall into a shaft and drop 2 floors!
  1532 | D:4      | Noticed a phantom
  1552 | D:2      | Slain by a hound

Illustrated notes

Levels and vault maps discovered:
D:1:      heliophobic_arrival_battle_scene, layout_loops_ring,
          basic_ecumenical_altar, grunt_decor_one_mirror, hangedman_decor_points
D:2:      layout_loops_ring, minmay_between, uniq_robin
D:3:      layout_basic
D:4:      layout_loops_ring, corexii_corridor_pit, minmay_quadrilaterals
D:5:      layout_loops_cross, nicolae_kikubaaqudgha_miasma_corner

Skill      XL: |  1  2 |
---------------+-------+-----
Stealth        | 7 9 |  9.4
Dodging        | 3 |  3.0
Fighting       | |  3.0
Unarmed Combat | |  2.6

Action                   |  1- 3 |  4- 6 || total
-------------------------+-------+-------++-------
Melee: Unarmed           |    16 |    67 ||    83
       Punch             |     1 |       ||     1
       Bite              |     1 |    10 ||    11
 Stab: Sleeping          |    10 |     9 ||    19
Armor: Skin              |       |     2 ||     2
Dodge: Dodged            |     4 |    71 ||    75
